[Event "*** SCC Grand Prix: Titled Tuesday Blitz"]
[Site "Chess.com"]
[Date "2020.10.13"]
[Round "6"]
[White "KonstantinB_1983"]
[Black "gumimis"]
[Result "1-0"]
[WhiteElo "2479"]
[BlackElo "2237"]
[TimeControl "180+1"]
[EndTime "11:06:10 PDT"]
[Termination "KonstantinB_1983 won on time"]

1. d4 Nf6 2. c4 c5 3. d5 b5 4. cxb5 a6 5. e3 axb5 6. Bxb5 e6 7. dxe6 fxe6 8. Nf3 Qa5+ 9. Nc3 Ba6 10. Qd3 Nc6 11. O-O Nb4 12. Qe2 Bxb5 13. Nxb5 Be7 14. Bd2 O-O 15. a3 Rab8 16. Nc3 Nc2 17. Nd5 Qd8 18.
Nxe7+ Qxe7 19. Rab1 c4 20. Rfc1 Nxa3 21. bxa3 Qxa3 22.
Qxc4 Nd5 23. h3 Rb2 24. Rxb2 Qxb2 25. Qc2 Qf6 26. e4 Nf4 27. e5 1-0

[Event "*** SCC Grand Prix: Titled Tuesday Blitz"]
[Site "Chess.com"]
[Date "2020.10.13"]
[Round "6"]
[White "poppy73"]
[Black "pastouche06"]
[Result "0-1"]
[WhiteElo "2230"]
[BlackElo "2461"]
[TimeControl "180+1"]
[EndTime "11:06:13 PDT"]
[Termination "pastouche06 won on time"]

1. e4 c6 2. Nf3 d5 3. Nc3 Bg4 4. h3 Bxf3 5. Qxf3 Nf6 6. Be2 e6 7. O-O Nbd7 8. d4 dxe4 9. Nxe4 Nxe4 10. Qxe4 Nf6 11. Qd3 Be7 12. a4 a5 13. c4 O-O 14.
Be3 Qc7 15. Rfd1 Rfd8 16. Qc2 Rd7 17. g3 Rad8 18. Rd3 Ne8 19. Rad1 Bf6 20. Bf4 Qb6 21. Be5 Bxe5 22. dxe5 Rxd3 23. Rxd3 Rxd3 24. Bxd3 g6 25. Qc3 Nc7 26. c5 Qa7 27. Qd4 Nd5 28. Bc4 b6 29.
cxb6 Qxb6 30. Qxb6 Nxb6 31. Bb3 c5 32. Kf1 c4 33.
Bd1 Kf8 34. Ke2 Ke7 35. Kd2 Kd7 36. Kc3 Kc6 37. Be2 Nxa4+ 38. Kxc4 Nc5 39. b3 Nd7 40. Bf3+ Kb6 0-1

[Event "*** SCC Grand Prix: Titled Tuesday Blitz"]
[Site "Chess.com"]
[Date "2020.10.13"]
[Round "6"]
[White "Ariadna_Atreides"]
[Black "MalyDominator"]
[Result "1-0"]
[WhiteElo "2055"]
[BlackElo "2354"]
[TimeControl "180+1"]
[EndTime "11:06:14 PDT"]
[Termination "Ariadna_Atreides won by resignation"]

1. d4 Nf6 2. Nf3 g6 3. c3 Bg7 4. Bg5 O-O 5. Nbd2 d5 6. Bxf6 Bxf6 7. e4 dxe4 8. Nxe4 Bg7 9. h4 h5 10. Bd3 Nd7 11. Qc2 e5 12. dxe5 Nxe5 13. Nxe5 Bxe5 14. O-O-O c6 15. Ng5 Qf6 16. Kb1 a5 17. Rhe1 b5 18. Re2 Qg7 19. Rde1 Bf6 20. Re8 Bd7 21.
Rxa8 Rxa8 22. g3 b4 23. cxb4 Rb8 24. Bc4 Rxb4 25. Bxf7+ Kf8 26. Qc5+ 1-0

[Event "*** SCC Grand Prix: Titled Tuesday Blitz"]
[Site "Chess.com"]
[Date "2020.10.13"]
[Round "6"]
[White "Azerichess"]
[Black "Aleksey_Sorokin"]
[Result "1-0"]
[WhiteElo "2957"]
[BlackElo "2833"]
[TimeControl "180+1"]
[EndTime "11:06:15 PDT"]
[Termination "Azerichess won by resignation"]

1. d4 Nf6 2. c4 g6 3. Nc3 d5 4. Bg5 Ne4 5. Bf4 Nxc3 6. bxc3 dxc4 7. e3 Be6 8. Nh3 Nd7 9. Ng5 Bd5 10. e4 h6 11. exd5 hxg5 12. Bxg5 Nb6 13. Bxc4 Nxc4 14. Qa4+ c6 15. Qxc4 Qxd5 16. Qxd5 cxd5 17. a4 Kd7 18. Kd2 e6 19. h4 Bd6 20. g3 f5 21. a5 b6 22. Rhb1 Bc7 23. Bf6 Rhf8 24. Be5 Bxe5 25.
dxe5 Kc6 26. Ke3 b5 27. a6 Kb6 28. Kf4 Rac8 29. Rb3 Rc4+ 30. Kg5 Rg4+ 31. Kh6 f4 32. Rab1 fxg3 33. fxg3 Rxg3 34. Rxb5+ Kc6 35. Rb8 Rf5 36. R1b7 d4 37. cxd4 Kd5 38. Rxa7 g5 39. Rd7+ Ke4 40. a7 gxh4 41. a8=Q+ Kf4 42. Rf8 1-0

[Event "*** SCC Grand Prix: Titled Tuesday Blitz"]
[Site "Chess.com"]
[Date "2020.10.13"]
[Round "6"]
[White "guillembaches"]
[Black "picturesquecheck"]
[Result "1-0"]
[WhiteElo "2396"]
[BlackElo "2214"]
[TimeControl "180+1"]
[EndTime "11:06:16 PDT"]
[Termination "guillembaches won by resignation"]

1. e4 c5 2. Nf3 Nc6 3. d4 cxd4 4. Nxd4 Nf6 5. Nc3 d6 6. Bg5 e6 7. Qd2 h6 8. Bxf6 gxf6 9. O-O-O Bd7 10. f4 Rc8 11. Ndb5 a6 12. Nxd6+ Bxd6 13. Qxd6 Qe7 14. Be2 Qxd6 15. Rxd6 Ne7 16. Rhd1 Bc6 17. Bf3 O-O 18. R1d3 Kh7 19. a3 f5 20. e5 Bxf3 21. Rxf3 Rc7 22.
Rfd3 Ng6 23. g3 Rfc8 24. Rd7 Kg7 25. Kd2 Nf8 26. Rxc7 Rxc7 27. Rd6 Nd7 28. b4 Nb8 29. Ne2 Nc6 30. c4 Ne7 31. Kd3 b5 32. c5 Nd5 33.
Nc3 Nxc3 34. Kxc3 a5 1-0

[Event "*** SCC Grand Prix: Titled Tuesday Blitz"]
[Site "Chess.com"]
[Date "2020.10.13"]
[Round "6"]
[White "SabKaD4ddy"]
[Black "PavelChernomordik"]
[Result "1-0"]
[WhiteElo "2522"]
[BlackElo "2324"]
[TimeControl "180+1"]
[EndTime "11:06:18 PDT"]
[Termination "SabKaD4ddy won by resignation"]

1. e4 g6 2. Nc3 Bg7 3. g3 d6 4. Bg2 Nf6 5. d3 Nbd7 6. Nge2 c5 7. h3 O-O 8. Be3 Rb8 9. Qd2 b5 10. Bh6 b4 11. Nd1 e5 12. Bxg7 Kxg7 13. Ne3 Bb7 14. f4 Nb6 15. O-O c4 16. Qxb4 cxd3 17. cxd3 Ba6 18.
Qd2 Na4 19. b4 Qb6 20. Rab1 Nd7 21. Kh2 Bb7 22. Nc4 Qa6 23. b5 Qb6 24. Nxb6 Ndxb6 25. Rfc1 d5 26. fxe5 dxe4 27. Bxe4 Bxe4 28. dxe4 Rbd8 29.
Qf4 Nd7 30. Rd1 Nab6 31. Nd4 Rc8 32. e6 Nc5 33. e7 Rfe8 34. e5 Nbd7 35. Nc6 a6 36. a4 axb5 37. axb5 Ra8 38. Rd2 Ne6 39.
Qf2 Ndc5 40. Rf1 Ng5 41. Qxc5 Ne4 42. Qe3 Nxd2 43. Qxd2 1-0

[Event "*** SCC Grand Prix: Titled Tuesday Blitz"]
[Site "Chess.com"]
[Date "2020.10.13"]
[Round "6"]
[White "hungrycaterpillar4"]
[Black "tptagain"]
[Result "0-1"]
[WhiteElo "2693"]
[BlackElo "2867"]
[TimeControl "180+1"]
[EndTime "11:06:20 PDT"]
[Termination "tptagain won by resignation"]

1. Nf3 d5 2. b3 Bf5 3. Bb2 e6 4. e3 Nf6 5. Be2 h6 6. O-O Bd6 7. Ne5 O-O 8. f4 c5 9. d3 Bh7 10. Nd2 Nfd7 11. Ndf3 f6 12. Nxd7 Qxd7 13. Nh4 Nc6 14.
Bh5 d4 15. e4 g5 16. fxg5 fxg5 17. Nf3 Bf4 18. Bc1 Qg7 19. Bg4 Rae8 20. g3 Be3+ 21. Kg2 Bg6 22. Bh3 Bh5 23. g4 Bg6 24. Bxe3 dxe3 25.
Qe2 Nd4 26. Nxd4 cxd4 27. c3 Rf4 28. cxd4 Qxd4 29. Rae1 Ref8 30. Kg1 Rd8 31. Qxe3 Qxd3 32. Rxf4 gxf4 33. Qxf4 Qxh3 34. Qf6 Qxg4+ 35. Kf2 Rf8 0-1

[Event "*** SCC Grand Prix: Titled Tuesday Blitz"]
[Site "Chess.com"]
[Date "2020.10.13"]
[Round "6"]
[White "KuzubovYuriy"]
[Black "Baby_Legs"]
[Result "1-0"]
[WhiteElo "2890"]
[BlackElo "2702"]
[TimeControl "180+1"]
[EndTime "11:06:21 PDT"]
[Termination "KuzubovYuriy won by resignation"]

1. d4 Nf6 2. Nf3 e6 3. c4 d5 4.
g3 c6 5. Bg2 dxc4 6. O-O b5 7.
Qc2 Bb7 8. e4 Be7 9. Nc3 a6 10.
e5 Nd5 11. Ne4 h6 12. b3 cxb3 13. axb3 Nd7 14. Bd2 a5 15. Nc5 Nxc5 16. dxc5 O-O 17. Rfc1 Qc7 18. Qe4 b4 19. Qg4 Kh7 20. h4 Ba6 21. Qe4+ Kg8 22. Nh2 f5 23. exf6 Bxf6 24. Qxe6+ Kh8 25. Ra2 Bd4 26. Bxh6 Rae8 27. Qg4 Bxf2+ 28.
Rxf2 Rxf2 29. Bxg7+ Qxg7 30. Qh5+ Kg8 31. Qxe8+ Rf8 32.
Qxc6 Ne3 33. Qe6+ Kh8 34. Qxe3 1-0

[Event "*** SCC Grand Prix: Titled Tuesday Blitz"]
[Site "Chess.com"]
[Date "2020.10.13"]
[Round "6"]
[White "ChelsieMonica"]
[Black "Beltraxtor"]
[Result "1-0"]
[WhiteElo "2388"]
[BlackElo "2535"]
[TimeControl "180+1"]
[EndTime "11:06:21 PDT"]
[Termination "ChelsieMonica won by resignation"]

1. Nc3 d5 2. d4 Bf5 3. Nf3 Nf6 4. e3 c6 5. Bd3 g6 6. Bxf5 gxf5 7. Ne5 Nbd7 8. f4 e6 9. O-O Bb4 10. Bd2 Rg8 11.
Kh1 Ng4 12. Nxg4 Rxg4 13. Ne2 Bd6 14. h3 Qh4 15. Be1 Qh6 16. c4 Nf6 17. cxd5 exd5 18. Nc3 Ke7 19. Qd3 Rag8 20. Qxf5 Rxg2 21. Bf2 R2g4 22.
Kh2 Rg2+ 23. Kh1 R8g4 24. h4 Nh5 25. Rg1 Ng3+ 26. Bxg3 R2xg3 27. Qxg4 Rxg4 28. Rxg4 f5 29. Rg5 Qxh4+ 30. Kg2 Kf6 31. Rh1 1-0

[Event "*** SCC Grand Prix: Titled Tuesday Blitz"]
[Site "Chess.com"]
[Date "2020.10.13"]
[Round "6"]
[White "Kapibara_Warri0r"]
[Black "sopo-tereladze"]
[Result "0-1"]
[WhiteElo "2088"]
[BlackElo "2286"]
[TimeControl "180+1"]
[EndTime "11:06:21 PDT"]
[Termination "sopo-tereladze won by resignation"]

1. e4 e5 2. Nf3 Nc6 3. Bb5 a6 4. Ba4 Nf6 5. O-O Be7 6. Re1 b5 7. Bb3 O-O 8. a4 b4 9. d4 d6 10. c3 bxc3 11. bxc3 Bg4 12. Bd5 Nxd5 13. exd5 Na5 14.
dxe5 dxe5 15. Rxe5 Bd6 16. Re1 Qf6 17. Qd4 Qg6 18.
Ne5 Bxe5 19. Qxe5 Nb3 20. Ra3 Qxb1 21. Bf4 Qb2 22. Bh6 f6 23. Qg3 Qxa3 24. Qxg4 Rf7 25. Bf4 Qf8 0-1

[Event "*** SCC Grand Prix: Titled Tuesday Blitz"]
[Site "Chess.com"]
[Date "2020.10.13"]
[Round "6"]
[White "Nikolakis2014"]
[Black "redbaron8888"]
[Result "1-0"]
[WhiteElo "2739"]
[BlackElo "2518"]
[TimeControl "180+1"]
[EndTime "11:06:23 PDT"]
[Termination "Nikolakis2014 won by resignation"]

1. Nf3 Nf6 2. c4 e6 3. g3 b6 4. Bg2 Bb7 5. O-O Be7 6. Nc3 O-O 7. Re1 d5 8. cxd5 exd5 9. d4 Nbd7 10. Bf4 a6 11. Rc1 c5 12. dxc5 bxc5 13. Nh4 Nb6 14. Nf5 Re8 15. Bg5 h6 16. Nxe7+ Qxe7 17. Bxf6 Qxf6 18. Bxd5 Rad8 19. e4 Bxd5 20. exd5 Rxe1+ 21. Qxe1 Nxd5 22. Nxd5 Rxd5 23. Qe8+ Kh7 24. Qe4+ Qf5 25. Qxf5+ Rxf5 26. Rc4 Rd5 27. b3 Rd2 28. Ra4 Rd6 29. h4 Kg6 30. Kg2 Kf5 31. Kf3 Ke5 32. h5 Kd5 33.
Ke3 Re6+ 34. Kd3 Rf6 35. f4 Re6 36. Ra5 Rb6 37. g4 g6 38. hxg6 fxg6 39. Ke3 Re6+ 40. Kf3 Rb6 41. Ra4 Rc6 42. Re4 c4 43. bxc4+ Rxc4 44. Rxc4 Kxc4 45. Ke4 h5 46. gxh5 gxh5 47. f5 h4 48. f6 h3 49. Kf3 1-0

[Event "*** SCC Grand Prix: Titled Tuesday Blitz"]
[Site "Chess.com"]
[Date "2020.10.13"]
[Round "6"]
[White "Alexandercs432"]
[Black "pfalcon1949"]
[Result "0-1"]
[WhiteElo "2140"]
[BlackElo "1946"]
[TimeControl "180+1"]
[EndTime "11:06:24 PDT"]
[Termination "pfalcon1949 won by checkmate"]

1. e4 c6 2. d4 d5 3. e5 Bf5 4. h4 h5 5. Bg5 Qb6 6. Bd3 Bxd3 7. Qxd3 Qa6 8. Qd2 e6 9. Ne2 c5 10. c3 Nc6 11. O-O Be7 12. Qe3 cxd4 13. Nxd4 Nxd4 14.
cxd4 O-O-O 15. Nc3 Kb8 16. Rfc1 Nh6 17. Bxe7 Nf5 18.
Qg5 Rde8 19. Bc5 b6 20. Bd6+ Ka8 21. Rd1 f6 22. Qf4 g5 23. hxg5 fxg5 24. Qxg5 Reg8 25. Qf4 Rg4 26. Qd2 Rhg8 27. Qd3 Rxg2+ 28. Kf1 Nxd4 29.
Qxa6 Rg1# 0-1

[Event "*** SCC Grand Prix: Titled Tuesday Blitz"]
[Site "Chess.com"]
[Date "2020.10.13"]
[Round "6"]
[White "swayamsm"]
[Black "Anton_Demchenko"]
[Result "0-1"]
[WhiteElo "2628"]
[BlackElo "2812"]
[TimeControl "180+1"]
[EndTime "11:06:26 PDT"]
[Termination "Anton_Demchenko won by resignation"]

1. d4 Nf6 2. Nf3 g6 3. c4 Bg7 4.
Nc3 O-O 5. e4 d6 6. Be2 Nbd7 7.
O-O e5 8. Re1 Re8 9. Bf1 exd4 10. Nxd4 c6 11. Bf4 Ne5 12. Qd2 Qe7 13. Rad1 a5 14.
b3 Qf8 15. Nc2 Nh5 16. Be3 f5 17. Qxd6 Qf7 18. exf5 Bxf5 19. Nd4 Bg4 20. Qa3 Bxd1 21. Rxd1 Ng4 22. Qc1 Nxe3 23. fxe3 Bh6 24. Nc2 Rad8 25. Rxd8 Rxd8 26. Qe1 Qe7 27. g3 Nf6 28. Bg2 Qd6 29. Nd4 Bxe3+ 30. Qxe3 Qxd4 31. Qxd4 Rxd4 32. Na4 Nd7 33. Bh3 Ne5 34. Nc5 b6 35. Na4 b5 36.
cxb5 cxb5 37. Nc3 b4 38. Nd5 Kg7 39. Nf4 Rd1+ 40. Bf1 Rd2 41. Bg2 Rxa2 42. Bd5 Kf6 43. h4 h6 44. Kf1 g5 45. hxg5+ hxg5 46. Ne2 Ng4 47. Bg8 Ne3+ 48. Kf2 Nf5 49. Kf3 g4+ 0-1

[Event "*** SCC Grand Prix: Titled Tuesday Blitz"]
[Site "Chess.com"]
[Date "2020.10.13"]
[Round "6"]
[White "manitodeplomo"]
[Black "Omk124"]
[Result "0-1"]
[WhiteElo "2604"]
[BlackElo "2488"]
[TimeControl "180+1"]
[EndTime "11:06:28 PDT"]
[Termination "Omk124 won on time"]

1. d4 Nf6 2. c4 g6 3. Nc3 d5 4. Bf4 Bg7 5. e3 O-O 6. Rc1 c5 7. dxc5 Be6 8. Nf3 Ne4 9. Qb3 Nxc3 10. bxc3 Nc6 11. Qxb7 Na5 12. Qc7 Nxc4 13. Qxd8 Rfxd8 14. Nd4 Rdc8 15. Bxc4 dxc4 16. c6 Bxd4 17. cxd4 Rxc6 18. e4 Ra6 19. d5 Bd7 20. Rxc4 Rxa2 21. h4 a5 22. h5 a4 23. hxg6 hxg6 24. Rc7 a3 25. Be5 f6 26. Bd4 Rc8 27. Rxc8+ Bxc8 28. d6 exd6 29.
Bxf6 Kf7 30. Bd4 Ba6 31. Rh7+ Ke6 32. f3 Re2+ 33. Kd1 Rxg2 34. Ra7 Be2+ 35. Ke1 Bxf3 36. Rxa3 Bxe4 37. Re3 d5 38. Re2 Rg3 39. Re3 Rg1+ 40. Kd2 Rb1 41. Re1 Rb4 42. Ke3 Rb3+ 43. Kf4 Rf3+ 44.
Kg5 Rg3+ 45. Kf4 Rg2 46. Rg1 g5+ 0-1

[Event "*** SCC Grand Prix: Titled Tuesday Blitz"]
[Site "Chess.com"]
[Date "2020.10.13"]
[Round "6"]
[White "vanea_03"]
[Black "bocah_sakit"]
[Result "0-1"]
[WhiteElo "2692"]
[BlackElo "2876"]
[TimeControl "180+1"]
[EndTime "11:06:29 PDT"]
[Termination "bocah_sakit won by resignation"]

1. d4 Nf6 2. c4 g6 3. Nf3 Bg7 4. e3 d6 5. Be2 O-O 6. Nc3 Nbd7 7.
O-O e5 8. Qc2 c6 9. Rd1 Qe7 10. e4 exd4 11. Nxd4 Re8 12. f3 a5 13.
Bf1 h5 14. Bg5 Qe5 15. Qd2 Nh7 16. Be3 Qe7 17. Nc2 a4 18. Rab1 Be5 19. Bf4 Nc5 20.
b4 axb3 21. axb3 Qf6 22. Bxe5 dxe5 23. b4 Ne6 24. c5 h4 25. Bc4 Nhg5 26. Qe3 h3 27.
Rd6 hxg2 28. Be2 Nh3+ 29. Kxg2 Nef4+ 30. Kh1 Qg5 31. Bf1 Be6 32. Re1 Kg7 33. Bxh3 Bxh3 0-1

[Event "*** SCC Grand Prix: Titled Tuesday Blitz"]
[Site "Chess.com"]
[Date "2020.10.13"]
[Round "6"]
[White "Ermito2020"]
[Black "dretch"]
[Result "1-0"]
[WhiteElo "2686"]
[BlackElo "2828"]
[TimeControl "180+1"]
[EndTime "11:06:31 PDT"]
[Termination "Ermito2020 won on time"]

1. e4 e6 2. d4 d5 3. Nc3 Nf6 4.
e5 Nfd7 5. f4 c5 6. Nf3 Nc6 7. Be3 cxd4 8. Nxd4 Bc5 9. Qd2 O-O 10.
O-O-O a6 11. h4 Nxd4 12. Bxd4 b5 13. h5 b4 14. Na4 Bxd4 15. Qxd4 Qa5 16. b3 Bb7 17. Kb1 Rfc8 18. Bd3 Bc6 19. Nb2 Bb5 20.
h6 g6 21. g4 Qc7 22. Rhf1 Bxd3 23. cxd3 Qc3 24. Qf2 Qc5 25. d4 Qe7 26. f5 Rc3 27. Na4 Rc7 28. Rd3 Rac8 29. Rf3 Qg5 30. Rf4 Qxh6 31.
fxe6 fxe6 32. Qd2 g5 33. Rf7 Qg6+ 34. Ka1 Rc2 35. Qxb4 Rc1+ 36. Kb2 Rxf1 37. Rxf1 Qc2+ 38. Ka3 Nf8 39. Qe7 a5 40. Rf7 1-0

[Event "*** SCC Grand Prix: Titled Tuesday Blitz"]
[Site "Chess.com"]
[Date "2020.10.13"]
[Round "6"]
[White "JuliaEfremova"]
[Black "pedromartinez91"]
[Result "0-1"]
[WhiteElo "2334"]
[BlackElo "2520"]
[TimeControl "180+1"]
[EndTime "11:06:31 PDT"]
[Termination "pedromartinez91 won by resignation"]

1. d4 c5 2. c3 Nf6 3. Nf3 g6 4.
Bf4 Bg7 5. e3 O-O 6. Be2 d6 7.
Nbd2 Nbd7 8. h3 b6 9. Bh2 Bb7 10. O-O a6 11. a4 Re8 12. Nc4 Bc6 13. b4 cxb4 14. cxb4 Qc8 15. Rc1 Qb7 16. a5 b5 17.
Nb2 Rac8 18. Nd3 Bd5 19. Rxc8 Rxc8 20. Qb1 Ne4 21. Qb2 Nc3 22. Rc1 Nxe2+ 23. Qxe2 Bc4 24.
Nd2 Bxd3 25. Rxc8+ Qxc8 26. Qxd3 Nf6 27. Bg3 Nd5 28. Nf3 Nxb4 29. Qe4 Nc6 30. d5 Nxa5 31. Qxe7 Nc4 32. Ng5 Qf8 33. Qb7 h6 34. Nf3 Qd8 35. Qxa6 Qb8 36. Nd4 Bxd4 37. exd4 Kg7 38. Qa2 Qb6 39.
Qb3 Na5 40. Qe3 b4 41. Bh4 b3 42. Qe7 Qxd4 43. Qxd6 Qxh4 0-1

[Event "*** SCC Grand Prix: Titled Tuesday Blitz"]
[Site "Chess.com"]
[Date "2020.10.13"]
[Round "6"]
[White "amintabatabaei"]
[Black "ViditYT"]
[Result "1-0"]
[WhiteElo "2923"]
[BlackElo "2850"]
[TimeControl "180+1"]
[EndTime "11:06:33 PDT"]
[Termination "amintabatabaei won by resignation"]

1. d4 Nf6 2. Nf3 d5 3. c3 Bf5 4. Qb3 Qc8 5. c4 e6 6. cxd5 exd5 7. Nc3 c6 8. Bf4 Nbd7 9. Rc1 a6 10. h3 Be7 11. e3 O-O 12. Be2 h6 13. O-O Be6 14.
Qc2 Qd8 15. a3 Re8 16. Na4 Ne4 17. Nd2 Bd6 18. Bxd6 Nxd6 19. Bd3 Qe7 20. Nc5 Nxc5 21. dxc5 Nb5 22. Nf3 Qf6 23. a4 Nc7 24. Nd4 Bd7 25. b4 Ne6 26. Nf5 Rab8 27. Nd6 Red8 28. Qc3 Qxc3 29. Rxc3 g6 30. Rb1 d4 31. exd4 Nxd4 32.
Rd1 Be6 33. Bxa6 bxa6 34. Rxd4 a5 35. b5 Bd7 36. b6 Be6 37. Rcd3 Kg7 1-0

[Event "*** SCC Grand Prix: Titled Tuesday Blitz"]
[Site "Chess.com"]
[Date "2020.10.13"]
[Round "6"]
[White "monalize"]
[Black "WildTricks"]
[Result "0-1"]
[WhiteElo "2297"]
[BlackElo "2445"]
[TimeControl "180+1"]
[EndTime "11:06:33 PDT"]
[Termination "WildTricks won by checkmate"]

1. e4 c5 2. Nf3 d6 3. d4 cxd4 4. Qxd4 Nf6 5. Be2 Nc6 6. Qe3 d5 7. e5 d4 8. Qf4 Nd5 9. Qe4 f5 10. exf6 Nxf6 11. Qh4 e5 12. O-O Be7 13. Bc4 Bf5 14. Qg5 g6 15. Re1 Qd6 16. Na3 a6 17. Bb3 b5 18. Nh4 Be6 19. Bxe6 Qxe6 20. Nf3 Nd5 21. Qh6 O-O-O 22. Bg5 Rdf8 23. Bxe7 Ndxe7 24. Rad1 Qg4 25. Kf1 Rf7 26. h3 Qf5 27. Qd2 Rhf8 28.
Re2 Qh5 29. Nxe5 Nxe5 30. Qxd4 N7c6 31. Qc5 Rxf2+ 32. Rxf2 Qxd1# 0-1

[Event "*** SCC Grand Prix: Titled Tuesday Blitz"]
[Site "Chess.com"]
[Date "2020.10.13"]
[Round "6"]
[White "AIROPITO7"]
[Black "Bulldog167"]
[Result "0-1"]
[WhiteElo "2551"]
[BlackElo "2753"]
[TimeControl "180+1"]
[EndTime "11:06:34 PDT"]
[Termination "Bulldog167 won by resignation"]

1. e4 c5 2. Nf3 d6 3. e5 Nc6 4. exd6 Qxd6 5. Nc3 e5 6. Bc4 Be7 7. O-O Nf6 8. d3 O-O 9. Bg5 Bg4 10. h3 Bh5 11. Bxf6 Qxf6 12. Nd5 Qd6 13. Nxe7+ Qxe7 14. c3 Rad8 15. Qe2 Kh8 16. Qe3 a6 17. Rfe1 b5 18. Bb3 Rfe8 19. Nd2 f5 20. a4 f4 21. Qe4 Na5 22. axb5 Bg6 23. Qa4 Nxb3 24. Nxb3 axb5 25. Qxb5 Rb8 26. Qa4 Bxd3 27. Na5 Qg5 28.
Nc6 Rbc8 29. Na7 Ra8 30. Qc6 e4 31. Nb5 Rac8 32. Qb7 Rb8 33. Nd6 Rxb7 0-1

[Event "*** SCC Grand Prix: Titled Tuesday Blitz"]
[Site "Chess.com"]
[Date "2020.10.13"]
[Round "6"]
[White "vladislavkovalev"]
[Black "1977Ivan"]
[Result "1-0"]
[WhiteElo "2856"]
[BlackElo "2682"]
[TimeControl "180+1"]
[EndTime "11:06:35 PDT"]
[Termination "vladislavkovalev won by resignation"]

1. e4 c5 2. Be2 Nc6 3. d3 e6 4.
f4 d5 5. c3 Bd6 6. Nf3 Nge7 7.
O-O f6 8. Be3 O-O 9. Nbd2 b6 10.
g3 Bb7 11. Re1 Qd7 12. Bf1 Rae8 13. Bg2 Bc7 14. Qc2 h6 15. a3 a5 16. Rad1 g5 17. Bh3 d4 18. cxd4 cxd4 19. Bf2 gxf4 20. Nb3 fxg3 21. hxg3 Ng6 22. Nbxd4 Nxd4 23. Nxd4 Bxg3 24.
Bxg3 Qxd4+ 25. Kh2 Re7 26. Rg1 Kh7 27. Rdf1 f5 28.
exf5 exf5 29. Bxf5 Rxf5 30. Rxf5 Nh4 31. Qf2 Qxf2+ 32.
Rxf2 Nf3+ 33. Rxf3 Bxf3 34. Bd6 Re2+ 35. Kg3 Bd5 36.
Kf4 h5 37. Rg5 Bf7 38. Be5 Bg6 39. Bc3 h4 40. Rg4 Rh2 41. Kg5 h3 42. Rh4+ Kg8 43.
Kxg6 Rg2+ 44. Kf6 h2 45. Ke6 Re2+ 46. Be5 1-0

[Event "*** SCC Grand Prix: Titled Tuesday Blitz"]
[Site "Chess.com"]
[Date "2020.10.13"]
[Round "6"]
[White "Denis_Makhnyov"]
[Black "szachuspl"]
[Result "1-0"]
[WhiteElo "2875"]
[BlackElo "2557"]
[TimeControl "180+1"]
[EndTime "11:06:37 PDT"]
[Termination "Denis_Makhnyov won by resignation"]

1. d4 Nf6 2. c4 g6 3. g3 Bg7 4. Bg2 O-O 5. Nc3 d6 6. Nf3 Nc6 7. O-O a6 8. Bg5 h6 9. Bxf6 Bxf6 10. Rc1 Bg7 11. e3 e5 12. d5 Ne7 13. e4 f5 14.
b4 f4 15. Nd2 g5 16. Bf3 Bh3 17.
Re1 Qd7 18. c5 Ng6 19. cxd6 cxd6 20. Nc4 Rad8 21. Rc2 fxg3 22. fxg3 b5 23. Ne3 Qa7 24. Bg4 Bxg4 25. Qxg4 Rf6 26. Kh1 Qd4 27. Nf5 Qxb4 28. Rf1 Qc4 29. Rff2 Rdf8 30. Nd1 Qd3 31. Rcd2 Qb1 32.
Kg2 Kh7 33. Rc2 R8f7 34. Nde3 Qb4 35. Rf3 Ne7 36. Rcf2 Ng6 37. a3 Qa4 38. Kh3 a5 39. Rf1 b4 40. axb4 Qxb4 41. Nxh6 Kxh6 42. Rxf6 Rxf6 43.
Rxf6 Bxf6 44. Nf5+ Kh7 45. Qh5+ Kg8 46. Qxg6+ Kf8 47. Qxf6+ 1-0

[Event "*** SCC Grand Prix: Titled Tuesday Blitz"]
[Site "Chess.com"]
[Date "2020.10.13"]
[Round "6"]
[White "LionTheLeon_06"]
[Black "CarlssonLudvig"]
[Result "1-0"]
[WhiteElo "2632"]
[BlackElo "2478"]
[TimeControl "180+1"]
[EndTime "11:06:37 PDT"]
[Termination "LionTheLeon_06 won by resignation"]

1. d4 d5 2. c4 c6 3. Nc3 Nf6 4. Nf3 e6 5. Bg5 Nbd7 6. e3 Qa5 7.
Nd2 Bb4 8. Rc1 dxc4 9. Bxf6 Nxf6 10. Nxc4 Qxa2 11. Ra1 Qxb2 12. Nxb2 Bxc3+ 13. Ke2 Bxb2 14. Ra2 Bc3 15. Qb3 Nd5 16. e4 Bxd4 17. exd5 exd5 18. Kf3 O-O 19. Bd3 Bb6 20. Re1 Be6 21. Qb1 h6 22.
Bf5 Rae8 23. Rae2 Bxf5 24. Qxf5 Re6 25. Qd3 Rf6+ 26. Kg3 Rg6+ 27. Kh3 d4 28. g3 c5 29.
Re8 Rc6 30. Qe4 g6 31. Rxf8+ Kxf8 32. Qe8+ Kg7 33. Re7 Rf6 34. f4 d3 35. Rxb7 c4 36. Rb8 g5 37. Qh8+ Kg6 38. Rg8+ Kf5 39. Qh7+ Ke6 40.
Qe4+ Kd7 41. Qb7+ Bc7 42. Qd5+ Rd6 43. Qxf7+ Kc6 44. Qxc4+ Kb7 45. Qb5+ Bb6 46. Rg7+ Kc8 47. Qa6+ Kd8 48. Qb7 g4+ 49. Kxg4 h5+ 50. Kh3 1-0

[Event "*** SCC Grand Prix: Titled Tuesday Blitz"]
[Site "Chess.com"]
[Date "2020.10.13"]
[Round "6"]
[White "AttilaTurzo"]
[Black "FMJoseHerrera"]
[Result "0-1"]
[WhiteElo "2391"]
[BlackElo "2564"]
[TimeControl "180+1"]
[EndTime "11:06:37 PDT"]
[Termination "FMJoseHerrera won by resignation"]

1. d4 Nf6 2. Nf3 g6 3. Bg5 Bg7 4. c3 d6 5. Nbd2 O-O 6. e4 c5 7. dxc5 dxc5 8. Bc4 a6 9. a4 b6 10. O-O Bb7 11. Qe2 Qc7 12. e5 Ng4 13. Rfe1 Nc6 14.
Bf4 e6 15. h3 Nh6 16. Ne4 Nf5 17. g4 Nfe7 18. Nd6 Na5 19. Bd3 Nd5 20. Bg3 Rad8 21. Nxb7 Qxb7 22. Be4 Qa7 23. Rad1 Rfe8 24. Bh4 Rd7 25.
c4 Nb4 26. Bf6 Qc7 27. Qe3 Nxc4 28. Qg5 Nxb2 29. Rxd7 Qxd7 30. h4 N2d3 31. Rd1 Qxa4 32. Rxd3 Nxd3 33. Bxd3 Qd1+ 34. Bf1 Qxf3 0-1

[Event "*** SCC Grand Prix: Titled Tuesday Blitz"]
[Site "Chess.com"]
[Date "2020.10.13"]
[Round "6"]
[White "anpospan"]
[Black "maximnovik"]
[Result "1/2-1/2"]
[WhiteElo "2378"]
[BlackElo "2534"]
[TimeControl "180+1"]
[EndTime "11:06:38 PDT"]
[Termination "Game drawn by repetition"]

1. Nf3 Nf6 2. g3 g6 3. Bg2 d5 4. O-O Bg7 5. d4 O-O 6. Nbd2 Nc6 7. c3 Be6 8. b4 Bf5 9. b5 Na5 10. Ne5 Nd7 11. f4 Nxe5 12. fxe5 f6 13. Qa4 b6 14. c4 dxc4 15. Bb2 fxe5 16. Bxa8 exd4 17. Nxc4 Qxa8 18. Nxa5 bxa5 19. Bxd4 Bh3 20. Rxf8+ Bxf8 21. Qc4+ e6 22. Qc6 Qd8 23. e3 Bd6 24. Bxa7 Be5 25. Rc1 h5 26. Qe4 Qf6 27. Bd4 Bxd4 28. Qxd4 Qf3 29. Qd8+ Kh7 30. Rxc7+ Kh6 31. Qh8+ Kg5 32. Qd8+ Kh6 33. Qh8+ Kg5 34. Qd8+ Kh6 1/2-1/2

[Event "*** SCC Grand Prix: Titled Tuesday Blitz"]
[Site "Chess.com"]
[Date "2020.10.13"]
[Round "6"]
[White "GAusal"]
[Black "CM_rui"]
[Result "1-0"]
[WhiteElo "2042"]
[BlackElo "2327"]
[TimeControl "180+1"]
[EndTime "11:06:39 PDT"]
[Termination "GAusal won on time"]

1. d4 Nf6 2. Nf3 e6 3. Bf4 c5 4.
e3 d5 5. c3 Nc6 6. Bd3 Bd6 7. Ne5 Bxe5 8. dxe5 Nd7 9. Bb5 a6 10.
Bxc6 bxc6 11. Bg3 Qc7 12. f4 Qb6 13. Qb3 Rb8 14. Qxb6 Nxb6 15. b3 a5 16. Nd2 a4 17.
e4 d4 18. cxd4 cxd4 19. Rc1 Bb7 20. b4 a3 21. Bf2 Rd8 22. Nb3 Na4 23. Bxd4 c5 24.
Bxc5 Bxe4 25. Bd6 Nb2 26. Rc7 Nd3+ 27. Kd2 Rb8 28. Ke3 Bg6 29. Re7+ Kd8 30. Rd1 Nb2 31.
Rd4 Rb5 32. Bc5+ Kc8 33. Rdd7 Rd8 34. Rc7+ Kb8 35. Bd6 Nd1+ 36. Kf3 1-0